 Dungeon Crawl Stone Soup version 0.23-a0-358-g98c7a59 (webtiles) character file.

682683 Geeful the Slayer (level 27, -1/271 HPs)
             Began as a Hill Orc Abyssal Knight on Oct 11, 2018.
             Was the Champion of Lugonu.
             Killed by drain life
             ... invoked by a deathcap
             ... summoned by a curse toe
              (8 damage)
             ... on level 4 of the Realm of Zot on Oct 22, 2018.
             The game lasted 07:15:47 (85419 turns).

Geeful the Slayer (Hill Orc Abyssal Knight)        Turns: 85419, Time: 07:15:48

Health: -1/271     AC: 50    Str: 33    XL:     27
Magic:  34/34      EV: 32    Int: 14    God:    Lugonu [******]
Gold:   5241       SH:  0    Dex: 12    Spells: 26/26 levels left

rFire    + + .     SeeInvis .   Q - +9 executioner's axe (freeze)
rCold    + + +     Gourm    .   (shield currently unavailable)
rNeg     + . .     Faith    .   o - +12 gold dragon scales
rPois    +         Spirit   .   b - -2 hat of the Alchemist {rElec rPois rF+ rC+ rN+ MR+ rMut rCorr}
rElec    +         Reflect  .   Z - +1 cloak of Starlight {rElec rC+ EV+4 Stlth--}
rCorr    +         Harm     .   k - +3 pair of gauntlets of War {Slay+5}
rMut     +                      q - +4 pair of boots "Witopeph" {rC+ Stlth+}
MR       +++..                  U - amulet of the Air {Inacc +Fly rElec EV+5 RMsl}
Stlth    ..........             L - ring "Ymauvug" {*Drain rElec rPois Str+7 Int+2}
HPRegen  0.55/turn              M - +5 ring of evasion
MPRegen  0.24/turn

@: about to teleport, slowed, repel missiles, very slow
A: mutation resistance 1
}: 4/15 runes: decaying, serpentine, slimy, silver
a: Depart the Abyss, Bend Space, Banish, Corrupt, Enter the Abyss, Brand Weapon
With Distortion, Renounce Religion, Evoke Flight


You were on level 4 of the Realm of Zot.
You worshipped Lugonu.
Lugonu was exalted by your worship.
You were not hungry.

You visited 11 branches of the dungeon, and saw 56 of its levels.
You visited the Abyss 8 times.
You visited 2 bazaars.
You also visited: Labyrinth, Trove, Sewer and Ossuary.

You collected 9347 gold pieces.
You spent 4106 gold pieces at shops.

Inventory:

Hand Weapons
 g - a +4 scimitar of flaming
 Q - a +9 executioner's axe of freezing (weapon)
Armour
 b - the -2 hat of the Alchemist (worn) {rElec rPois rF+ rC+ rN+ MR+ rMut rCorr}
   (You found it on level 5 of the Pits of Slime)

   It protects you from fire.
   It protects you from cold.
   It insulates you from electricity.
   It protects you from poison.
   It protects you from negative energy.
   It affects your resistance to hostile enchantments.
   It provides partial protection from all sources of acid and corrosion.
   It protects you from mutation.
 k - the +3 pair of gauntlets of War (worn) {Slay+5}
   (You found it on level 7 of the Dungeon)

   It affects your accuracy and damage with ranged weapons and melee attacks
   (+5).
 o - +12 gold dragon scales (worn)
 q - the +4 pair of boots "Witopeph" (worn) {rC+ Stlth+}
   (You bought it in a shop in a bazaar)

   It protects you from cold.
   It makes you more stealthy.
 u - the +6 chain mail of the Enchanted Forest {rN+ Str+4 Slay+2}
   (You found it on level 5 of the Pits of Slime)

   It affects your strength (+4).
   It affects your accuracy and damage with ranged weapons and melee attacks
   (+2).
   It protects you from negative energy.
 v - the +0 chain mail of Yredelemnul's Esteem {rC+ rN+++ MR+ Dex-2}
   (You found it on level 3 of the Elven Halls)

   It affects your dexterity (-2).
   It protects you from cold.
   It renders you almost immune to negative energy.
   It affects your resistance to hostile enchantments.
 D - a scarf of resistance
 G - the +1 hat of the Distant Future {rF+ rCorr Str+3}
   (You found it on level 1 of the Elven Halls)

   It affects your strength (+3).
   It protects you from fire.
   It provides partial protection from all sources of acid and corrosion.
 Z - the +1 cloak of Starlight (worn) {rElec rC+ EV+4 Stlth--}
   (You found it on level 1 of the Vaults)

   It affects your evasion (+4).
   It protects you from cold.
   It insulates you from electricity.
   It makes you much less stealthy.
Jewellery
 a - an uncursed ring of fire
 l - an uncursed ring of see invisible
 w - the ring "Dymusch" {MR+ Dex+2}
   (You found it on level 5 of the Vaults)

   [ring of protection from magic]

   It affects your dexterity (+2).
   It affects your resistance to hostile enchantments.
 y - the amulet of the Four Winds {rN+ MR+++ Clar}
   (You took it off an entropy weaver on level 5 of the Vaults)

   [amulet of nothing]

   It protects you from negative energy.
   It affects your resistance to hostile enchantments.
   It protects you against confusion.
 L - the ring "Ymauvug" (left hand) {*Drain rElec rPois Str+7 Int+2}
   (You found it on level 1 of the Snake Pit)

   [ring of intelligence]

   It affects your strength (+7).
   It affects your intelligence (+2).
   It insulates you from electricity.
   It protects you from poison.
   It causes draining when unequipped.
 M - a +5 ring of evasion (right hand)
 U - the amulet of the Air (around neck) {Inacc +Fly rElec EV+5 RMsl}
   (You found it on level 11 of the Dungeon)

   [amulet of inaccuracy]

   It reduces the accuracy of all your attacks.
   It affects your evasion (+5).
   It insulates you from electricity.
   It lets you fly.
   It protects you from missiles.
 V - the ring of Gust {*Corrode +Blink rF++ rN+}
   (You found it on level 3 of the Crypt)

   [ring of positive energy]

   It greatly protects you from fire.
   It protects you from negative energy.
   It lets you blink.
   It may corrode you when you take damage.
Wands
 d - a wand of iceblast (24)
 r - a wand of scattershot (6)
 s - a wand of disintegration (28)
 E - a wand of acid (50)
 H - a wand of flame (39)
 K - a wand of polymorph (36)
 N - a wand of digging (38)
 O - a wand of paralysis (127)
 S - a wand of random effects (32)
Scrolls
 e - 8 scrolls of blinking
 i - 7 scrolls of identify
 m - 29 scrolls of remove curse
 n - 2 scrolls of enchant weapon
 x - 7 scrolls of fear
 A - 7 scrolls of teleportation
 I - 2 scrolls of enchant armour
 X - 2 scrolls of holy word
Potions
 h - 12 potions of curing
 j - 3 potions of mutation
 p - 8 potions of cancellation
 t - 5 potions of resistance
 z - 9 potions of brilliance
 F - 3 potions of invisibility
 J - 3 potions of heal wounds
 P - 2 potions of might
 R - a potion of haste
 W - 3 potions of berserk rage
Miscellaneous
 f - 4 phantom mirrors
 B - a lightning rod (4/4)
 C - a phial of floods
 T - a fan of gales
Comestibles
 c - 76 rations


   Skills:
 - Level 26.8 Fighting
 - Level 24.9 Axes
 - Level 26.0 Armour
 + Level 21.2 Dodging
 - Level 10.1 Invocations
 - Level 15.8 Evocations


You had 26 spell levels left.
You didn't know any spells.
Your spell library contained the following spells:

 Spells                   Type           Power        Failure   Level  Hunger
 Animate Skeleton         Necr           N/A          82%         1    ##.....
 Apportation              Tloc           #.....       82%         1    ##.....
 Beastly Appendage        Tmut           #.....       82%         1    ##.....
 Confusing Touch          Hex            #.....       82%         1    ##.....
 Corona                   Hex            #......      82%         1    ##.....
 Flame Tongue             Conj/Fire      #....        82%         1    ##.....
 Freeze                   Ice            #...         82%         1    ##.....
 Magic Dart               Conj           #...         82%         1    ##.....
 Pain                     Necr           #...         82%         1    ##.....
 Shock                    Conj/Air       #...         82%         1    ##.....
 Sting                    Conj/Pois      #...         82%         1    ##.....
 Summon Butterflies       Summ           #.......     82%         1    ##.....
 Summon Small Mammal      Summ           #...         82%         1    ##.....
 Blink                    Tloc           N/A          91%         2    ###....
 Call Imp                 Summ           #.......     91%         2    ###....
 Corpse Rot               Necr           N/A          91%         2    ###....
 Ensorcelled Hibernation  Hex/Ice        #.....       91%         2    ###....
 Poisonous Vapours        Pois/Air       #.....       91%         2    ###....
 Shroud of Golubria       Chrm/Tloc      #.........   91%         2    ###....
 Slow                     Hex            #.......     91%         2    ###....
 Sticks to Snakes         Tmut           #.......     91%         2    ###....
 Sublimation of Blood     Necr           #.........   91%         2    ###....
 Swiftness                Chrm/Air       #.......     91%         2    ###....
 Throw Frost              Conj/Ice       #.....       91%         2    ###....
 Call Canine Familiar     Summ           #.......     99%         3    ####...
 Confuse                  Hex            #.......     99%         3    ####...
 Conjure Flame            Conj/Fire      #.......     99%         3    ####...
 Dazzling Spray           Conj/Hex       #.....       99%         3    ####...
 Gell's Gravitas          Tloc           #.........   99%         3    ####...
 Ignite Poison            Fire/Tmut/Pois #.......     99%         3    ####...
 Inner Flame              Hex/Fire       #.......     99%         3    ####...
 Lesser Beckoning         Tloc           #.........   99%         3    ####...
 Mephitic Cloud           Conj/Pois/Air  #.......     99%         3    ####...
 Ozocubu's Armour         Chrm/Ice       #.......     99%         3    ####...
 Portal Projectile        Hex/Tloc       #.....       99%         3    ####...
 Recall                   Summ/Tloc      N/A          99%         3    ####...
 Regeneration             Chrm/Necr      #.........   99%         3    ####...
 Spider Form              Tmut/Pois      #.........   99%         3    ####...
 Static Discharge         Conj/Air       #.......     99%         3    ####...
 Stone Arrow              Conj/Erth      #.....       99%         3    ####...
 Teleport Other           Tloc           #.......     99%         3    ####...
 Tukima's Dance           Hex            #.......     99%         3    ####...
 Vampiric Draining        Necr           #.........   99%         3    ####...
 Airstrike                Air            #.........   100%        4    #####..
 Animate Dead             Necr           N/A          100%        4    #####..
 Cause Fear               Hex            #.........   100%        4    #####..
 Ice Form                 Ice/Tmut       #.......     100%        4    #####..
 Leda's Liquefaction      Hex/Erth       #.........   100%        4    #####..
 Olgreb's Toxic Radiance  Pois           #.......     100%        4    #####..
 Passage of Golubria      Tloc           N/A          100%        4    #####..
 Petrify                  Tmut/Erth      #.......     100%        4    #####..
 Summon Ice Beast         Ice/Summ       #.......     100%        4    #####..
 Summon Lightning Spire   Summ/Air       #.......     100%        4    #####..
 Throw Icicle             Conj/Ice       #.......     100%        4    #####..
 Agony                    Necr           #.......     100%        5    ######.
 Alistair's Intoxication  Tmut/Pois      #.......     100%        5    ######.
 Aura of Abjuration       Summ           #.........   100%        5    ######.
 Blade Hands              Tmut           #.........   100%        5    ######.
 Bolt of Draining         Conj/Necr      #.........   100%        5    ######.
 Bolt of Magma            Conj/Fire/Erth #.........   100%        5    ######.
 Borgnjor's Vile Clutch   Necr/Erth      #.........   100%        5    ######.
 Dispel Undead            Necr           #.......     100%        5    ######.
 Excruciating Wounds      Chrm/Necr      #.........   100%        5    ######.
 Fireball                 Conj/Fire      #.........   100%        5    ######.
 Iskenderun's Battlesphe  Conj/Chrm      #.......     100%        5    ######.
 Lightning Bolt           Conj/Air       #.........   100%        5    ######.
 Metabolic Englaciation   Hex/Ice        #.........   100%        5    ######.
 Silence                  Hex/Air        #.........   100%        5    ######.
 Summon Demon             Summ           #.........   100%        5    ######.
 Summon Forest            Summ/Tloc      #.........   100%        5    ######.
 Summon Mana Viper        Hex/Summ       #.......     100%        5    ######.
 Venom Bolt               Conj/Pois      #.........   100%        5    ######.
 Yara's Violent Unravell  Hex/Tmut       #.........   100%        5    ######.
 Bolt of Fire             Conj/Fire      #.........   100%        6    #######
 Conjure Ball Lightning   Conj/Air       #.........   100%        6    #######
 Darkness                 Hex            #.........   100%        6    #######
 Death Channel            Necr           #.........   100%        6    #######
 Deflect Missiles         Chrm/Air       #.........   100%        6    #######
 Freezing Cloud           Conj/Ice/Air   #.........   100%        6    #######
 Hydra Form               Tmut           #.........   100%        6    #######
 Invisibility             Hex            #.......     100%        6    #######
 Iron Shot                Conj/Erth      #.........   100%        6    #######
 Ozocubu's Refrigeration  Ice            #.........   100%        6    #######
 Poison Arrow             Conj/Pois      #.........   100%        6    #######
 Shadow Creatures         Summ           N/A          100%        6    #######
 Simulacrum               Ice/Necr       #.........   100%        6    #######
 Statue Form              Tmut/Erth      #........    100%        6    #######
 Dragon Form              Tmut           #.........   100%        7    #######
 Haunt                    Necr/Summ      #.........   100%        7    #######
 Malign Gateway           Summ/Tloc      #.........   100%        7    #######
 Monstrous Menagerie      Summ           #.........   100%        7    #######
 Orb of Destruction       Conj           #.........   100%        7    #######
 Ring of Flames           Chrm/Fire      #.........   100%        7    #######
 Spellforged Servitor     Conj/Summ      #.........   100%        7    #######
 Summon Greater Demon     Summ           #.........   100%        7    #######
 Summon Hydra             Summ           #.........   100%        7    #######
 Borgnjor's Revivificati  Necr           #.........   100%        8    #######
 Chain Lightning          Conj/Air       #.........   100%        8    #######
 Controlled Blink         Tloc           N/A          100%        8    #######
 Death's Door             Chrm/Necr      #.........   100%        8    #######
 Discord                  Hex            #.........   100%        8    #######
 Ignition                 Fire           #.........   100%        8    #######
 Infestation              Necr           #.........   100%        8    #######
 Lehudib's Crystal Spear  Conj/Erth      #.........   100%        8    #######
 Necromutation            Tmut/Necr      #.........   100%        8    #######
 Summon Horrible Things   Summ           #.........   100%        8    #######
 Dragon's Call            Summ           #.........   100%        9    #######
 Fire Storm               Conj/Fire      #.........   100%        9    #######
 Glaciate                 Conj/Ice       #.........   100%        9    #######
 Shatter                  Erth           #.........   100%        9    #######
 Tornado                  Air            #.........   100%        9    #######


Dungeon Overview and Level Annotations

Branches:
Dungeon (15/15)            Temple (0/1) D:4            Lair (6/6) D:8
  Swamp (4/4) Lair:3        Snake (4/4) Lair:4        Slime (5/5) Lair:6
    Orc (2/2) D:12            Elf (3/3) Orc:2        Vaults (5/5) D:14
  Crypt (3/3) Vaults:2       Tomb (0/3) Crypt:3      Depths (5/5) D:15
    Zot (4/5) Depths:5

Altars:
Ashenzari
Cheibriados
Dithmenos
Elyvilon
Gozag
Hepliaklqana
Kikubaaqudgha
Makhleb
Okawaru
Qazlal
Ru
Sif Muna
Trog
Uskayaw
Zin
Beogh
Jiyva

Shops:
D:4 :   D:7 *   D:14 %:=%%   D:15 [   Orc:2 *!?*   Elf:1 :   Elf:3 *}
Snake:3 }}=   Vaults:3 }([   Vaults:4 (   Vaults:5 %

Portals:
Hell: Depths:1 Depths:2 Depths:3 Depths:4 Depths:5
Abyss: Depths:1 Depths:4
Pandemonium: Depths:2
Ziggurat: Depths:5

Annotations:
D:3 Grinder
D:4 1 runed door, Duelies's ghost, novice OpTm
D:11 3 runed doors, Narkly's ghost, journeyman DEFE
Lair:3 3 runed doors, slAvIk159's ghost, journeyman MiFi
Snake:1 2 transporters, corrupted
Elf:2 exclusion: 3 doors
Elf:3 corrupted
Vaults:1 corrupted
Vaults:2 3 runed doors, Azye's ghost, adept MiBe; Busi's ghost, adept CeHu; Mator's ghost, veteran MiFi; Noudaet's ghost, veteran MiFi; Reicuary's ghost, adept MiMo
Vaults:3 corrupted, 3 runed doors, TheSlyBlade's ghost, adept MiBe
Vaults:5 corrupted


Innate Abilities, Weirdness & Mutations

You are somewhat resistant to further mutation.


Message History

Your body is wracked with pain!
* * * LOW HITPOINT WARNING * * *
A yellow draconian monk opens the door.
The curse toe calls on the powers of darkness!
The swamp drake convulses!
The purple draconian monk convulses!
The yellow draconian monk convulses!
The storm dragon convulses!
The white draconian stormcaller convulses!
The storm dragon convulses!
The green draconian scorcher convulses!
The moth of wrath convulses!
Your body is wracked with pain!
* * * LOW HITPOINT WARNING * * *
The moth of wrath completely misses you.
The deathcap draws from the surrounding life force!
* * * LOW HITPOINT WARNING * * *
The deathcap is healed.
You open the door.
The electric golem blinks!
Something unseen opens the door.
The moth of wrath completely misses you.
Something hits you but does no damage.
The curse toe gestures. x2
The deathcap draws from the surrounding life force!
You die...

####.................###.....###.
# ##.......'''''''fff######...##.
#........'+++++++'ff# ##.....
###........' +++++kq'f######.....
#..........' +.§§z*qqff.##.......
...###...##' +.zz.*D'ff..........
#..# ##....' +f?yD'''............
...# ##...' +ff.q'z'##..#.......
..## #..#.'


++f@+ +'##..##...... ..# #..##' ++f+ +'##..##...... ..# #.## 'f''''##..###.....
..### #)# ##..# ###..###..... ....###[### ###.###......##..#.
........).#####.............#.... ..##..##=#...(.#.##..##.....##...
.##...##.##...##.##.[.##....##... .#.....#[##...##.#.....#....###.. You could
see 2 orbs of fire, 2 draconians, 2 storm dragons, 3 curse toes, a death cob, a
white draconian stormcaller, a green draconian scorcher, 3 deathcaps, a moth of
wrath, 12 wandering mushrooms and a swamp drake.

Vanquished Creatures
  the Royal Jelly (Slime:5)
  3 ancient liches
  A juggernaut (Depths:3)
  the Lernaean hydra (Swamp:4)
  Frederick (Vaults:3)
  A caustic shrike (Depths:3)
  8 golden dragons
  A Killer Klown (Zot:2)
  3 liches
  12 tentacled monstrosities
  3 deep elf blademasters (Elf:3)
  A shard shrike skeleton (Crypt:3)
  4 deep elf master archers (Elf:3)
  Asterion (Vaults:3)
  7 titans
  The ghost of tardigrad the Devastator, an adept DEFE of Sif Muna (Elf:3)
  32 acid blobs
  10 death cobs
  3 quicksilver dragons
  3 sphinxes
  3 tentacled starspawn
  7 thorn hunters
  2 ancient champions
  9 shadow dragons
  Roxanne (D:14)
  3 tengu reavers
  13 storm dragons
  2 draconian monks (Zot:4)
  2 revenants (Crypt:3)
  15 azure jellies
  8 nagarajas
  14 frost giants
  3 iron dragons
  5 draconian knights
  3 fire giants
  An orc warlord (Vaults:4)
  Louise (Swamp:4)
  An emperor scorpion (shapeshifter) (Vaults:5)
  Aizul (Crypt:1)
  5 draconian scorchers
  3 ghost moths
  7 deep elf sorcerers
  12 ghouls
  3 draconian stormcallers
  23 vault wardens
  A caustic shrike zombie (Crypt:3)
  2 spriggan defenders (Depths:3)
  4 war gargoyles (Vaults:5)
  5 draconian shifters
  16 ironheart preservers
  A deep elf elementalist (Vaults:5)
  2 draconian annihilators (Zot:3)
  31 very ugly things
  3 reapers
  25 stone giants
  12 black draconians
  2 vampire knights
  A deep elf demonologist (Elf:1)
  3 green draconians
  6 deep elf annihilators
  An ophan (Abyss:1)
  5 entropy weavers
  7 white draconians
  The ghost of Getruc the Cleaver, a journeyman DrBe of Trog (Elf:1)
  A minotaur (Lab)
  Azrael (Orc:2)
  7 eidola (Crypt:3)
  9 purple draconians
  8 red draconians
  6 yellow draconians
  A spark wasp (Depths:3)
  6 deep elf death magi
  7 ettins
  7 jiangshi
  5 spectral quicksilver dragons (Crypt:3)
  14 death oozes
  10 fire dragons
  Fannar (D:12)
  16 great orbs of eyes
  17 yaktaur captains
  A great orb of eyes (shapeshifter) (Vaults:5)
  3 rakshasas
  17 hydras
  14 ice dragons
  7 spriggan air magi
  21 naga warriors
  3 shambling mangroves (Swamp:4)
  A spectral shadow dragon (Crypt:3)
  10 centaur warriors
  40 vault guards
  2 catoblepae
  11 anacondas
  Erica (D:8)
  18 two-headed ogres
  26 dancing weapons
  14 alligators
  8 tengu warriors
  A spectral fire giant (Crypt:3)
  3 death knights
  7 ogre magi
  7 deep troll shamans
  A thrashing horror (Abyss:3)
  7 vampire magi
  7 soul eaters
  9 deep troll earth magi
  5 orc high priests
  11 naga sharpshooters
  A spectral dire elephant (Crypt:3)
  6 spriggan berserkers
  Nergalle (Lair:1)
  4 spectral storm dragons (Crypt:3)
  6 shock serpents
  A sun demon (Abyss:3)
  28 deep elf knights
  A spectral emperor scorpion (Crypt:3)
  A golden dragon zombie (Crypt:1)
  A spectral yaktaur (Vaults:1)
  2 hell knights (Depths:5)
  4 salamander mystics (Snake:4)
  21 skeletal warriors
  A storm dragon skeleton (Vaults:2)
  2 iron trolls (Depths:3)
  3 death drakes (Depths:2)
  10 shadow wraiths
  2 spriggan druids
  7 glowing orange brains
  3 naga ritualists
  10 flayed ghosts
  A spatial maelstrom (Abyss:3)
  7 wizards
  3 spectral anacondas (Depths:2)
  3 unseen horrors
  2 spectral hydras
  24 deep trolls
  12 sea snakes
  7 deep elf archers
  8 swamp dragons
  14 phantasmal warriors
  2 orange crystal statues (Depths:2)
  A spectral wolf spider (Crypt:3)
  2 lindwurms
  17 orc knights
  2 mana vipers (shapeshifter) (Vaults:5)
  A salamander (shapeshifter) (D:13)
  A wolf spider zombie (Crypt:2)
  11 mana vipers
  15 ironbrand convokers
  7 large abominations
  6 necromancers
  26 ugly things
  10 orc sorcerers
  75 deep elf magi
  8 harpies (Vaults:3)
  A shadow dragon skeleton (Crypt:3)
  4 wolf spiders
  17 moths of wrath
  2 worldbinders (Abyss:3)
  21 salamanders
  6 cyclopes
  A spectral fire dragon (Crypt:3)
  11 shining eyes
  A spectral ettin (Crypt:3)
  A frost giant zombie (Vaults:4)
  5 elephants (Lair:5)
  9 guardian serpents
  Maurice (D:8)
  2 black mambas (shapeshifter)
  2 titan simulacra
  14 vault sentinels
  A fire giant skeleton (Vaults:2)
  18 naga magi
  A molten gargoyle (Depths:3)
  4 smoke demons (Abyss:3)
  An apocalypse crab (Abyss:3)
  A stone giant skeleton (Vaults:2)
  Joseph (D:8)
  An eye of devastation (shapeshifter) (Vaults:5)
  An eye of devastation (Slime:5)
  A storm dragon simulacrum (Crypt:1)
  41 black mambas
  10 spiny frogs
  An orange demon (Abyss:3)
  A rime drake (shapeshifter) (Depths:3)
  71 yaktaurs
  5 rime drakes
  2 efreet
  2 komodo dragons (shapeshifter)
  10 komodo dragons
  A black draconian zombie (Crypt:3)
  A minotaur zombie (Lab)
  24 freezing wraiths
  A kobold demonologist (D:15)
  A yaktaur skeleton (Vaults:4)
  A spectral glowing shapeshifter (Vaults:1)
  A merfolk (shapeshifter) (Vaults:5)
  A tormentor (Abyss:1)
  5 trolls
  4 spectral merfolk (Depths:2)
  2 anaconda simulacra
  11 polar bears
  A silent spectre (Abyss:1)
  A polar bear (shapeshifter) (Vaults:3)
  A fire dragon zombie (Crypt:3)
  A meliai (D:11)
  3 tengu conjurers (Depths:3)
  6 tyrant leeches
  A sphinx simulacrum (Vaults:1)
  A hornet (shapeshifter) (D:14)
  8 hornets
  89 slime creatures
  A spectral swamp dragon (Crypt:3)
  14 bog bodies
  15 blink frogs
  8 raiju
  3 hippogriffs (shapeshifter)
  An ice dragon zombie (Crypt:2)
  8 dream sheep
  10 hippogriffs
  A stone giant simulacrum (Crypt:3)
  A frost giant simulacrum (Vaults:4)
  2 ettin skeletons
  A spriggan (shapeshifter) (D:14)
  2 guardian serpent skeletons
  A snapping turtle (shapeshifter) (Vaults:5)
  3 ynoxinuls (Abyss:3)
  5 redbacks
  A redback (shapeshifter) (Vaults:5)
  3 spriggans
  5 shadows
  4 air elementals
  10 wraiths
  6 water elementals
  33 yaks
  A vampire (D:14)
  3 wyverns
  A basilisk (shapeshifter) (Depths:1)
  7 fire elementals
  Grum (D:8)
  2 chaos spawn (Depths:1)
  3 humans (shapeshifter)
  4 basilisks
  2 neqoxecs (Abyss:3)
  2 steam dragons (Lair:6)
  A golden eye (shapeshifter) (Depths:2)
  14 vampire mosquitoes
  2 hungry ghosts (D:11)
  10 small abominations
  17 wargs
  2 human simulacra (Vaults:1)
  4 insubstantial wisps (Swamp:4)
  9 acid dragons
  11 swamp worms
  A porcupine (shapeshifter) (Vaults:5)
  12 swamp drakes
  2 floating eyes
  17 water moccasins
  26 hell hounds
  59 nagas
  A torturous demonspawn skeleton (Crypt:2)
  11 porcupines
  A spectral spriggan (Depths:2)
  4 spectral trolls (Depths:2)
  18 black bears
  An ice beast (shapeshifter) (Depths:3)
  6 sky beasts
  A black bear (shapeshifter) (Vaults:4)
  4 eyes of draining
  42 orc warriors
  A swamp dragon zombie (Crypt:1)
  8 ice beasts
  5 necrophages
  2 phantoms
  An ettin simulacrum (Crypt:3)
  20 ogres
  An elf zombie (Vaults:4)
  A boggart (Depths:3)
  An elf skeleton (Vaults:2)
  47 wolves
  An orc skeleton (Vaults:2)
  22 centaurs
  7 human skeletons
  15 crocodiles
  2 big kobolds (D:5)
  20 bullfrogs
  9 earth elementals
  A glowing shapeshifter simulacrum (Vaults:1)
  6 scorpions
  2 spectral ogres (Depths:2)
  A warg skeleton (Crypt:2)
  2 spectral nagas (Depths:2)
  11 killer bees
  A wight (Depths:2)
  A yak skeleton (Crypt:2)
  A vampire bat (Lair:1)
  An electric eel (Lair:4)
  7 howler monkeys
  5 spectral centaurs (Depths:2)
  4 bullfrog zombies
  14 crimson imps
  7 starcursed masses (Abyss:1)
  3 centaur skeletons
  A human zombie (Ossuary)
  8 hounds
  5 jellies
  11 centaur zombies
  A bullfrog skeleton (D:6)
  25 orc priests
  A gnoll shaman (D:7)
  An iron imp (Abyss:1)
  Jessica (D:15)
  Ijyb (D:3)
  6 iguanas
  A porcupine zombie (Crypt:3)
  31 orc wizards
  A spriggan simulacrum (Depths:2)
  9 worker ants
  2 big kobold zombies (Ossuary)
  2 centaur simulacra (Depths:2)
  A felid zombie (Crypt:1)
  A naga skeleton (Crypt:1)
  2 tengu skeletons
  A hound zombie (D:7)
  A hound skeleton (D:4)
  4 mummies (Ossuary)
  9 gnolls
  A gnoll (shapeshifter) (Vaults:5)
  14 adders
  3 river rats (D:5)
  A swamp drake skeleton (Crypt:3)
  7 shadow imps
  12 white imps (Orc:1)
  4 oozes
  3 adder zombies
  2 adder skeletons (D:8)
  7 worms
  4 dart slugs
  3 leopard geckos
  90 orcs
  4 giant cockroaches
  7 goblins
  9 hobgoblins
  12 jackals
  5 quokkas
  A ball python (D:3)
  A ball python skeleton (D:6)
  12 bats
  A dart slug zombie (Crypt:3)
  4 frilled lizards
  2 goblin zombies
  2 hobgoblin zombies (Ossuary)
  A jackal skeleton (D:4)
  13 kobolds
  A kobold zombie (Ossuary)
  A leopard gecko skeleton (D:4)
  A leopard gecko zombie (Crypt:3)
  An orc zombie (Crypt:2)
  A quokka skeleton (D:4)
  6 rats
  A rat zombie (Crypt:1)
  2 briar patches (Swamp:3)
  5 fungi
  5 plants
  A starspawn tentacle (Abyss:1)
2605 creatures vanquished.

Vanquished Creatures (collateral kills)
  Sonja (Lair:1)
  Purgy (Sewer)
  A big kobold (Sewer)
  An orc wizard (D:7)
  An adder (D:3)
  A jackal (D:3)
  A frilled lizard (D:3)
  A goblin (D:3)
8 creatures vanquished.

Vanquished Creatures (others)
  The ghost of Kakkak the Slayer, an adept HOFi of Okawaru (Vaults:1)
  2 deep elf master archers (Elf:3)
  A tengu reaver (Vaults:5)
  4 nagarajas (Snake:1)
  A shadow dragon (Depths:5)
  A fire giant (Depths:3)
  3 vault wardens
  2 deep elf sorcerers (Elf:3)
  A deep elf elementalist (Elf:3)
  A deep elf demonologist (Elf:3)
  3 deep elf annihilators (Elf:3)
  A fire dragon (Vaults:3)
  A deep elf death mage (Elf:3)
  3 yaktaur captains (Vaults:3)
  A rakshasa (Vaults:3)
  A naga warrior (Snake:1)
  3 vault guards
  A dancing weapon (Vaults:5)
  A spectral frost giant (Vaults:1)
  2 deep elf knights
  3 salamander mystics (Snake:1)
  A shadow wraith (Vaults:3)
  2 naga ritualists (Snake:1)
  3 ironbrand convokers
  3 deep elf archers
  A mana viper (Snake:1)
  5 deep elf magi
  An orc sorcerer (Vaults:3)
  An orc knight (Vaults:3)
  A cyclops (shapeshifter) (Vaults:3)
  A moth of wrath (Zot:3)
  A vault sentinel (Vaults:3)
  A black mamba (Snake:1)
  4 naga magi (Snake:1)
  12 yaktaurs (Vaults:3)
  A hornet (Vaults:3)
  A human simulacrum (Vaults:1)
  A water elemental (Elf:1)
  A yaktaur simulacrum (Vaults:1)
  6 nagas
  An orc warrior (Vaults:4)
  An ogre (Vaults:5)
  A wolf (shapeshifter) (Vaults:5)
  An ettin simulacrum (Vaults:1)
  A glowing shapeshifter simulacrum (Vaults:1)
  8 orcs
  A giant cockroach (D:5)
  6 fungi
  38 plants
  46 starspawn tentacles
  14 withered plants (Crypt:3)
202 creatures vanquished.

Grand Total: 2815 creatures vanquished

Notes
Turn   | Place    | Note
-------+----------+-------------------------------------------
     0 | Abyss:1  | Geeful the Hill Orc Abyssal Knight began the quest for the
                  | Orb.
     0 | Abyss:1  | Reached XP level 1. HP: 19/19 MP: 2/2
    38 | Abyss:1  | Noticed a small abomination
    69 | Abyss:2  | Noticed a raiju
    70 | D:1      | Escaped the Abyss
   230 | D:1      | Reached XP level 2. HP: 25/27 MP: 3/3
   548 | D:1      | Reached * piety under Lugonu
   748 | D:1      | Reached XP level 3. HP: 32/34 MP: 4/4
  1604 | D:2      | Reached XP level 4. HP: 25/41 MP: 5/5
  2140 | D:3      | Noticed Grinder
  2196 | D:3      | Reached skill level 5 in Fighting
  2240 | D:3      | Reached ** piety under Lugonu
  2423 | D:3      | Noticed Ijyb
  2567 | D:3      | Killed Ijyb
  2567 | D:3      | Reached skill level 5 in Axes
  2567 | D:3      | Reached XP level 5. HP: 19/48 MP: 6/6
  2940 | D:3      | Found a bloodstained altar of Trog.
  2942 | D:3      | Found a sacrificial altar of Ru.
  2942 | D:3      | Found a deep blue altar of Sif Muna.
  2943 | D:3      | Found a snail-covered altar of Cheibriados.
  2946 | D:4      | Found a staircase to the Ecumenical Temple.
  2946 | D:4      | Found Hiuduuh's Book Emporium.
  3015 | D:4      | Noticed an ogre
  3025 | D:4      | Killed an ogre
  3028 | D:4      | Reached XP level 6. HP: 44/57 MP: 7/7
  3406 | D:4      | Found a runed door.
  3431 | D:4      | Noticed Duelies's ghost (novice OpTm)
  3800 | D:5      | Entered Level 5 of the Dungeon
  3930 | D:5      | Found a glowing drain.
  3937 | Sewer    | Entered a sewer
  4001 | Sewer    | Noticed Purgy
  4005 | Sewer    | Killed Purgy
  4017 | Sewer    | Reached XP level 7. HP: 64/64 MP: 8/8
  4439 | D:5      | Reached *** piety under Lugonu
  5187 | D:5      | Reached XP level 8. HP: 70/74 MP: 9/9
  5352 | D:6      | Found a sand-covered staircase.
  5358 | Ossuary  | Entered an ossuary
  5596 | Ossuary  | Reached **** piety under Lugonu
  5912 | D:6      | Reached skill level 10 in Axes
  6003 | D:6      | Reached skill level 10 in Fighting
  6004 | D:6      | Reached XP level 9. HP: 75/86 MP: 10/10
  6031 | D:6      | Upgraded the game from 0.23-a0-309-ge7838e6 to
                  | 0.23-a0-313-gf30bb39
  6110 | D:6      | Found an opulent altar of Gozag.
  6475 | D:7      | Found Nodeir's Assorted Antiques.
  6500 | D:7      | Bought a fine ring mail for 243 gold pieces
  6500 | D:7      | Bought a scroll of identify for 54 gold pieces
  6500 | D:7      | Identified the +1 ring mail of Day {rElec Str+4} (You
                  | bought it in a shop on level 7 of the Dungeon)
  6668 | D:7      | Found the +3 pair of gauntlets of War {Slay+5}
  6753 | D:7      | Reached ***** piety under Lugonu
  6869 | D:7      | Reached skill level 5 in Invocations
  7222 | D:8      | Reached skill level 5 in Armour
  7651 | D:7      | Reached XP level 10. HP: 84/95 MP: 15/15
  7777 | D:8      | Found a staircase to the Lair.
  7785 | D:8      | Noticed Joseph
  8117 | D:8      | Noticed Erica
  8122 | D:8      | Killed Erica
  8162 | D:8      | Noticed Maurice
  8728 | D:8      | Found a white marble altar of Elyvilon.
  8833 | D:8      | Reached skill level 10 in Invocations
  9097 | D:8      | Killed Joseph
  9107 | D:8      | Noticed Grum
  9113 | D:8      | Killed Grum
  9279 | D:8      | Found a roughly hewn altar of Beogh.
  9621 | D:8      | Killed Maurice
  9621 | D:8      | Reached skill level 10 in Armour
  9621 | D:8      | Reached XP level 11. HP: 102/102 MP: 18/18
  9821 | D:9      | Found a hazy altar of Hepliaklqana.
  9822 | D:9      | Found a shattered altar of Ashenzari.
  9948 | D:9      | Found a shadowy altar of Dithmenos.
 10229 | D:9      | Found a hide-covered altar of Uskayaw.
 10229 | D:9      | Found a shadowy altar of Dithmenos.
 10230 | D:9      | Found a burning altar of Makhleb.
 10231 | D:9      | Found a glowing silver altar of Zin.
 10234 | D:9      | Found an ancient bone altar of Kikubaaqudgha.
 10382 | D:10     | Entered Level 10 of the Dungeon
 10394 | D:10     | Reached ****** piety under Lugonu
 12215 | D:11     | Noticed a brown ugly thing
 12231 | D:11     | Killed a brown ugly thing
 12451 | D:11     | Noticed a brown ugly thing
 12493 | D:11     | Killed a brown ugly thing
 12985 | D:11     | Noticed a tengu warrior
 12985 | D:11     | Noticed a cyan ugly thing
 12985 | D:11     | Noticed an orc knight
 13067 | Lair:1   | Entered Level 1 of the Lair of Beasts
 13191 | Lair:1   | Noticed Sonja
 13201 | Lair:1   | Killed Sonja
 13201 | Lair:1   | Reached XP level 12. HP: 110/110 MP: 19/19
 13242 | Lair:1   | Reached skill level 5 in Evocations
 13389 | Lair:1   | Noticed Nergalle
 13420 | Lair:1   | Killed Nergalle
 14581 | Lair:2   | Got a crystal hand axe
 14583 | Lair:2   | Identified the +3 hand axe of the Rattle-Snake {antimagic,
                  | +Rage} (You found it on level 2 of the Lair of Beasts)
 15999 | Lair:3   | Reached skill level 1 in Dodging
 16062 | Lair:3   | Found a staircase to the Swamp.
 16714 | Lair:3   | Found a runed gate.
 16715 | Lair:3   | Noticed a four-headed hydra
 16715 | Lair:3   | Noticed slAvIk159's ghost (journeyman MiFi)
 16716 | Lair:3   | Found a runed gate.
 16716 | Lair:3   | Found a runed gate.
 16718 | Lair:3   | Noticed a five-headed hydra
 16822 | Lair:3   | Found a stormy altar of Qazlal.
 17595 | Lair:4   | Found a staircase to the Snake Pit.
 17639 | Lair:4   | Reached skill level 5 in Dodging
 17684 | Lair:4   | Reached XP level 13. HP: 74/116 MP: 6/20
 19926 | Lair:6   | Entered Level 6 of the Lair of Beasts
 19959 | Lair:6   | Found a labyrinth entrance.
 19968 | Lab      | Entered a labyrinth
 20859 | Lab      | Reached XP level 14. HP: 129/129 MP: 7/21
 21791 | Lair:6   | Found a staircase to the Slime Pits.
 22021 | Lair:6   | Reached XP level 15. HP: 125/138 MP: 7/22
 22043 | Lair:6   | Reached skill level 15 in Axes
 23393 | Lair:6   | Reached skill level 15 in Fighting
 23989 | D:11     | Found a runed gate.
 23990 | D:11     | Noticed Narkly's ghost (journeyman DEFE)
 23991 | D:11     | Found a runed gate.
 23991 | D:11     | Found a runed gate.
 24279 | D:11     | Found the amulet of the Air {Inacc +Fly rElec EV+5 RMsl}
 25407 | D:12     | Noticed Fannar
 25425 | D:12     | Killed Fannar
 25564 | D:12     | Found a staircase to the Orcish Mines.
 25774 | Orc:1    | Entered Level 1 of the Orcish Mines
 26264 | Orc:2    | Entered Level 2 of the Orcish Mines
 26266 | Orc:2    | Noticed Azrael
 26958 | Orc:2    | Killed Azrael
 27726 | Orc:2    | Found a staircase to the Elven Halls.
 28081 | Orc:2    | Reached XP level 16. HP: 33/152 MP: 23/23
 28625 | Orc:2    | Found Lubug's Assorted Antiques.
 28625 | Orc:2    | Found Dawyady's Magic Scroll Shop.
 28626 | Orc:2    | Found Oduiron's Distillery.
 28626 | Orc:2    | Found Laeg's General Store.
 28665 | Orc:2    | Bought a transparent battleaxe for 333 gold pieces
 28666 | Orc:2    | Identified the cursed +1 battleaxe of Calculation {chop,
                  | Str-4 Dex+4 SInv} (You bought it in a shop on level 2 of
                  | the Orcish Mines)
 28693 | Orc:2    | Bought a scroll of fear for 59 gold pieces
 28707 | Orc:2    | Bought 2 potions of resistance for 580 gold pieces
 28707 | Orc:2    | Bought a bronze wand for 116 gold pieces
 28717 | Orc:2    | Bought 2 potions of heal wounds for 110 gold pieces
 28717 | Orc:2    | Bought a potion of resistance for 110 gold pieces
 29439 | D:14     | Found Jexeus's Food Shop.
 29492 | D:14     | Found a shattered altar of Ashenzari.
 29556 | D:14     | Found Difrehaf's Food Shoppe.
 29614 | D:14     | Noticed Roxanne
 29626 | D:14     | Killed Roxanne
 30022 | D:14     | Found Omoim's Food Boutique.
 30044 | D:14     | Found a gate to the Vaults.
 30149 | D:14     | Found Manil's Jewellery Emporium.
 30154 | D:14     | Found Xahel's Book Emporium.
 30523 | D:15     | Entered Level 15 of the Dungeon
 30789 | D:15     | Found Refof's Antique Armour Emporium.
 31035 | D:15     | Noticed Jessica
 31037 | D:15     | Killed Jessica
 31046 | D:15     | Found a deep blue altar of Sif Muna.
 31307 | D:15     | Found a staircase to the Depths.
 31917 | Swamp:1  | Entered Level 1 of the Swamp
 33187 | Swamp:2  | Upgraded the game from 0.23-a0-313-gf30bb39 to
                  | 0.23-a0-315-ga85b81c
 33367 | Swamp:2  | You fall through a shaft!
 33410 | Swamp:3  | Noticed a thorn hunter
 33493 | Swamp:3  | Killed a thorn hunter
 33535 | Swamp:3  | Reached XP level 17. HP: 149/166 MP: 24/24
 34348 | Swamp:3  | Found the +7 Kryia's mail coat {PotionHeal*2 rC+}
 34802 | Swamp:4  | Entered Level 4 of the Swamp
 35157 | Swamp:4  | Noticed the 27-headed Lernaean hydra
 35170 | Swamp:4  | Reached skill level 15 in Armour
 35955 | Swamp:4  | Got a decaying rune of Zot
 36217 | Swamp:4  | Killed the 26-headed Lernaean hydra
 36720 | Swamp:4  | Noticed Louise
 36744 | Swamp:4  | Killed Louise
 37337 | Snake:1  | Entered Level 1 of the Snake Pit
 37445 | Snake:1  | Reached XP level 18. HP: 164/179 MP: 25/25
 37636 | Snake:1  | Found a gateway to a bazaar.
 37657 | Bazaar   | Entered a bazaar
 37675 | Bazaar   | Found Comnaby's Book Shoppe.
 37675 | Bazaar   | Found Haur's Distillery.
 37688 | Bazaar   | Found Witwal's Armour Shoppe.
 37688 | Bazaar   | Found Piarroax's Magic Scroll Emporium.
 37701 | Bazaar   | Found Enulic's Magic Scroll Shoppe.
 37701 | Bazaar   | Found Amasee's Gadget Emporium.
 37805 | Bazaar   | Bought the +4 pair of boots "Witopeph" {rC+ Stlth+} for 330
                  | gold pieces
 37822 | Bazaar   | Bought a scarf of resistance for 256 gold pieces
 37899 | Bazaar   | Bought a scroll of blinking for 52 gold pieces
 37899 | Bazaar   | Bought a scroll of enchant armour for 52 gold pieces
 37899 | Bazaar   | Bought a scroll of blinking for 52 gold pieces
 37899 | Bazaar   | Bought a scroll of enchant armour for 52 gold pieces
 37917 | Bazaar   | Bought a scroll of enchant weapon for 67 gold pieces
 37917 | Bazaar   | Bought a scroll of blinking for 67 gold pieces
 37984 | Bazaar   | Bought a potion of heal wounds for 80 gold pieces
 37984 | Bazaar   | Bought a potion of might for 64 gold pieces
 38155 | Snake:1  | Found a transporter.
 38156 | Snake:1  | Found a deep blue altar of Sif Muna.
 38642 | Snake:1  | Corrupted Snake:1
 38663 | Snake:1  | Noticed a lich
 38910 | Snake:1  | Got a heavily runed iron ring
 38922 | Snake:1  | Identified the ring "Ymauvug" {*Drain rElec rPois Str+7
                  | Int+2} (You found it on level 1 of the Snake Pit)
 38972 | Snake:1  | Found a transporter.
 38997 | Snake:1  | Upgraded the game from 0.23-a0-315-ga85b81c to
                  | 0.23-a0-319-gb40ba49
 41027 | Snake:3  | Identified a scroll of acquirement
 41151 | Snake:3  | Found a runed door.
 41768 | Snake:3  | Found Zethrit's Gadget Shop.
 41769 | Snake:3  | Found Teeck's Jewellery Emporium.
 41770 | Snake:3  | Found Tutyom's Gadget Shop.
 42167 | Snake:4  | Entered Level 4 of the Snake Pit
 42215 | Snake:4  | Reached XP level 19. HP: 187/191 MP: 26/26
 44784 | Snake:4  | Got a serpentine rune of Zot
 45238 | Vaults:1 | Entered Level 1 of the Vaults
 45590 | Vaults:1 | Reached XP level 20. HP: 37/204 MP: 27/27
 46485 | Vaults:1 | Found a runed gate.
 46485 | Vaults:1 | Found a runed gate.
 47033 | Vaults:1 | Found a portal to a secret trove of treasure.
 47515 | Vaults:1 | Noticed Kakkak's ghost (adept HOFi)
 47517 | Vaults:1 | Found a runed gate.
 47518 | Vaults:1 | Found the +1 cloak of Starlight {rElec rC+ EV+4 Stlth--}
 47562 | Vaults:1 | Corrupted Vaults:1
 47585 | Vaults:1 | Killed Kakkak's ghost
 47625 | Vaults:1 | Noticed a bone dragon
 48106 | Vaults:2 | Found a snail-covered altar of Cheibriados.
 48155 | Vaults:2 | Paralysed by an orc sorcerer for 3 turns
 48185 | Vaults:2 | Cast into level 4 of the Abyss (vault warden)
 48221 | Vaults:2 | Escaped the Abyss
 48843 | Vaults:2 | Found a runed gate.
 48843 | Vaults:2 | Found a runed gate.
 48843 | Vaults:2 | Found a runed gate.
 48843 | Vaults:2 | Noticed Azye's ghost (adept MiBe)
 48844 | Vaults:2 | Noticed Reicuary's ghost (adept MiMo)
 48844 | Vaults:2 | Noticed Noudaet's ghost (veteran MiFi)
 48849 | Vaults:2 | Noticed Busi's ghost (adept CeHu)
 48849 | Vaults:2 | Noticed Mator's ghost (veteran MiFi)
 49308 | Vaults:2 | Cast into level 4 of the Abyss (vault warden)
 49309 | Abyss:4  | Found a corrupted altar of Lugonu.
 49320 | Vaults:2 | Escaped the Abyss
 49808 | Vaults:2 | Found a staircase to the Crypt.
 50347 | Elf:1    | Entered Level 1 of the Elven Halls
 50678 | Elf:1    | Reached XP level 21. HP: 215/215 MP: 28/28
 50708 | Elf:1    | Identified the Volume of the Entourage
 51036 | Elf:1    | Found Teel's Book Emporium.
 51128 | Elf:1    | Noticed Getruc's ghost (journeyman DrBe)
 51132 | Elf:1    | Found a runed gate.
 51132 | Elf:1    | Found a runed gate.
 51132 | Elf:1    | Found a runed gate.
 51195 | Elf:1    | Killed Getruc's ghost
 51239 | Elf:1    | Got a heavily runed hat
 51252 | Elf:1    | Identified the +1 hat of the Distant Future {rF+ rCorr
                  | Str+3} (You found it on level 1 of the Elven Halls)
 51692 | Elf:2    | Found a runed gate.
 51692 | Elf:2    | Found a runed gate.
 51693 | Elf:2    | Found a runed gate.
 52670 | Elf:2    | Found a deep blue altar of Sif Muna.
 53357 | Elf:2    | Cast into level 3 of the Abyss (battleaxe of distortion)
 53357 | Abyss:3  | Found a corrupted altar of Lugonu.
 53364 | Elf:2    | Escaped the Abyss
 54183 | Elf:3    | Entered Level 3 of the Elven Halls
 54183 | Elf:3    | Found a runed door.
 54207 | Elf:3    | Noticed tardigrad's ghost (adept DEFE)
 54221 | Elf:3    | Killed tardigrad's ghost
 54238 | Elf:3    | Found Wirgh's Gadget Emporium.
 54261 | Elf:3    | Found Ycietz's General Store.
 54270 | Elf:3    | Bought a scroll of identify for 26 gold pieces
 54270 | Elf:3    | Bought a scroll of identify for 26 gold pieces
 54270 | Elf:3    | Bought a scroll of identify for 26 gold pieces
 54791 | Elf:3    | Corrupted Elf:3
 55240 | Elf:3    | Cast into level 3 of the Abyss (a deep elf sorcerer)
 55241 | Elf:3    | Escaped the Abyss
 55343 | Elf:3    | Got a transparent pewter ring
 55432 | Elf:3    | Identified the ring of Departure {+Fly rF- rC+ Int+2} (You
                  | found it on level 3 of the Elven Halls)
 55501 | Elf:3    | Got an ichor-stained chain mail
 55513 | Elf:3    | Identified the cursed +0 chain mail of Yredelemnul's Esteem
                  | {rC+ rN+++ MR+ Dex-2} (You found it on level 3 of the Elven
                  | Halls)
 55831 | Elf:3    | Identified the Almanac of Snow and Transmigration
 55840 | Elf:3    | Identified the Disquisition on the Venomous Traveller
 55864 | Elf:3    | Identified the Papyrus of the Mackerel
 55913 | Elf:3    | Identified the Almanac of Glacial Poisoning
 56377 | Vaults:3 | Reached XP level 22. HP: 228/228 MP: 29/29
 56732 | Vaults:3 | Corrupted Vaults:3
 57470 | Vaults:3 | Found Mef Zoosoiq's Armour Shoppe.
 57485 | Vaults:3 | Found Fihito's Gadget Boutique.
 57494 | Vaults:3 | Found Joutaf's Weapon Shop.
 57830 | Vaults:3 | Noticed Asterion
 57862 | Vaults:3 | Killed Asterion
 58013 | Vaults:3 | Found a runed gate.
 58013 | Vaults:3 | Found a runed gate.
 58013 | Vaults:3 | Found a runed gate.
 58085 | Vaults:3 | Found an iron altar of Okawaru.
 58085 | Vaults:3 | Noticed TheSlyBlade's ghost (adept MiBe)
 58227 | Vaults:4 | Found Rinweylle's Weapon Shop.
 59109 | Vaults:4 | Noticed Frederick
 59150 | Vaults:3 | Killed Frederick
 60320 | Depths:1 | Entered Level 1 of the Depths
 60684 | Orc:2    | Bought a scroll of identify for 58 gold pieces
 60684 | Orc:2    | Bought 3 scrolls of identify for 174 gold pieces
 60684 | Orc:2    | Bought a scroll of identify for 58 gold pieces
 60698 | Orc:2    | Bought a scroll of identify for 34 gold pieces
 60949 | Vaults:1 | You paid a toll of 20 scrolls of identify to enter a
                  | treasure trove
 60950 | Trove    | Entered a treasure trove
 61254 | Depths:1 | Found a one-way gate to the infinite horrors of the Abyss.
 61547 | Depths:1 | Found a gateway to Hell.
 61851 | Depths:1 | Reached XP level 23. HP: 221/239 MP: 30/30
 61949 | Depths:2 | Reached skill level 10 in Evocations
 62281 | Depths:2 | Found a one-way gate leading to the halls of Pandemonium.
 62925 | Depths:2 | Paralysed by a floating eye for 4 turns
 63093 | Depths:2 | Escaped the Abyss
 63795 | Depths:2 | Reached XP level 24. HP: 245/245 MP: 31/31
 63887 | Depths:2 | Got a pair of encrusted boots
 63889 | Depths:2 | Got a scorched helmet
 63891 | Depths:2 | Identified the +0 helmet "Avvaum" {*Corrode rPois rN++
                  | Dex+4} (You acquired it on level 2 of the Depths)
 63904 | Depths:2 | Identified the +0 pair of boots "Derymai" {rF- Dex+8} (You
                  | acquired it on level 2 of the Depths)
 63930 | Depths:2 | Noticed an ancient lich
 63945 | Depths:2 | Killed an ancient lich
 65552 | Depths:3 | Noticed a juggernaut
 66201 | Depths:3 | Killed a juggernaut
 66201 | Depths:3 | Reached XP level 25. HP: 197/253 MP: 33/33
 66669 | Depths:3 | Paralysed by an ogre mage for 4 turns
 67133 | Depths:3 | Identified the Almanac of Creative Snow
 67514 | Depths:3 | Reached skill level 15 in Evocations
 67576 | Depths:3 | Upgraded the game from 0.23-a0-319-gb40ba49 to
                  | 0.23-a0-322-g02c3efa
 67650 | Depths:5 | Entered Level 5 of the Depths
 67758 | Depths:5 | Found a flickering gateway to a bazaar.
 67765 | Bazaar   | Entered a bazaar
 67948 | Bazaar   | Found Daylagg's Distillery.
 67948 | Bazaar   | Found Zehi's Assorted Antiques.
 67973 | Bazaar   | Found Obeff's Magic Scroll Emporium.
 67973 | Bazaar   | Found Idwiu's General Store.
 67998 | Bazaar   | Found Beme's Jewellery Emporium.
 67998 | Bazaar   | Found Ovyfeo's Jewellery Shoppe.
 68023 | Bazaar   | Found Uvvugaet's Book Emporium.
 68023 | Bazaar   | Found Buekio's Weapon Shoppe.
 68082 | Bazaar   | Bought a scroll of enchant armour for 82 gold pieces
 68082 | Bazaar   | Bought a scroll of enchant weapon for 82 gold pieces
 68082 | Bazaar   | Bought a scroll of blinking for 82 gold pieces
 68082 | Bazaar   | Bought a scroll of teleportation for 33 gold pieces
 68082 | Bazaar   | Bought 2 scrolls of blinking for 165 gold pieces
 68088 | Bazaar   | Bought a scroll of magic mapping for 56 gold pieces
 68112 | Bazaar   | Bought a potion of heal wounds for 55 gold pieces
 68112 | Bazaar   | Bought a potion of invisibility for 88 gold pieces
 68118 | Bazaar   | Bought 2 potions of cancellation for 384 gold pieces
 69108 | Depths:5 | Found a gate to the Realm of Zot.
 69314 | Depths:5 | Found a gateway to a ziggurat.
 69319 | Depths:5 | Paralysed by a floating eye for 4 turns
 70408 | Slime:1  | Entered Level 1 of the Pits of Slime
 70463 | Slime:2  | Gained mutation: Your spells are a little easier to cast,
                  | but a little less powerful. [a shining eye]
 70472 | Slime:2  | Gained mutation: Scrolls take you a little longer to read.
                  | [a shining eye]
 70475 | Slime:2  | Paralysed by a great orb of eyes for 3 turns
 70728 | Slime:2  | Reached XP level 26. HP: 258/262 MP: 34/34
 70734 | Slime:3  | Gained mutation: You are clumsy. (Dex -2) [a shining eye]
 70938 | Slime:5  | Entered Level 5 of the Pits of Slime
 71006 | Slime:5  | Gained mutation: You can translocate small distances at
                  | will. [a shining eye]
 71171 | Slime:5  | Gained mutation: You are very clumsy. (Dex -4) [a shining
                  | eye]
 71173 | Slime:5  | Gained mutation: Your body sometimes deteriorates upon
                  | taking damage. [a shining eye]
 71175 | Slime:5  | Gained mutation: Your body often deteriorates upon taking
                  | damage. [a shining eye]
 71302 | Slime:5  | Found the -2 hat of the Alchemist {rElec rPois rF+ rC+ rN+
                  | MR+ rMut rCorr}
 71304 | Slime:5  | Found a viscous altar of Jiyva.
 71305 | Slime:5  | Gained mutation: Scrolls take you longer to read. [a
                  | shining eye]
 71306 | Slime:5  | Gained mutation: Scrolls take you much longer to read. [a
                  | shining eye]
 71309 | Slime:5  | Gained mutation: You are weak. (Str -2) [a shining eye]
 71358 | Slime:5  | Noticed the Royal Jelly
 71386 | Slime:5  | Gained mutation: Armour fits poorly on your strangely
                  | shaped body. [a shining eye]
 72202 | Slime:5  | Killed the Royal Jelly
 72835 | Slime:5  | Got a slimy rune of Zot
 72851 | Slime:5  | Got jewelled ice dragon scales
 72863 | Slime:5  | Got a spiked chain mail
 72948 | Slime:5  | Identified the +0 ice dragon scales of the Great Game {rF-
                  | rC++ Str+4} (You found it on level 5 of the Pits of Slime)
 72951 | Slime:5  | Identified the +6 chain mail of the Enchanted Forest {rN+
                  | Str+4 Slay+2} (You found it on level 5 of the Pits of
                  | Slime)
 73098 | Lair:6   | Lost mutation: Scrolls take you much longer to read.
                  | [potion of mutation]
 73098 | Lair:6   | Lost mutation: Your body often deteriorates upon taking
                  | damage. [potion of mutation]
 73098 | Lair:6   | Lost mutation: Your body sometimes deteriorates upon taking
                  | damage. [potion of mutation]
 73098 | Lair:6   | Lost mutation: Scrolls take you longer to read. [potion of
                  | mutation]
 73098 | Lair:6   | Gained mutation: You have a pair of small horns on your
                  | head. [potion of mutation]
 73098 | Lair:6   | Gained mutation: You have a pair of horns on your head.
                  | [potion of mutation]
 73099 | Lair:6   | Lost mutation: You have a pair of horns on your head.
                  | [potion of mutation]
 73099 | Lair:6   | Lost mutation: You have a pair of small horns on your head.
                  | [potion of mutation]
 73099 | Lair:6   | Gained mutation: You are dopey. (Int -2) [potion of
                  | mutation]
 73099 | Lair:6   | Lost mutation: You are weak. (Str -2) [potion of mutation]
 73100 | Lair:6   | Lost mutation: You are very clumsy. (Dex -4) [potion of
                  | mutation]
 73100 | Lair:6   | Lost mutation: Scrolls take you a little longer to read.
                  | [potion of mutation]
 73100 | Lair:6   | Gained mutation: You have a pair of small antennae on your
                  | head. [potion of mutation]
 73101 | Lair:6   | Lost mutation: You have a pair of small antennae on your
                  | head. [potion of mutation]
 73101 | Lair:6   | Lost mutation: Your spells are a little easier to cast, but
                  | a little less powerful. [potion of mutation]
 73101 | Lair:6   | Lost mutation: You are dopey. (Int -2) [potion of mutation]
 73101 | Lair:6   | Lost mutation: You are clumsy. (Dex -2) [potion of
                  | mutation]
 73101 | Lair:6   | Gained mutation: Scrolls take you a little longer to read.
                  | [potion of mutation]
 73101 | Lair:6   | Gained mutation: You have sharp toenails. [potion of
                  | mutation]
 73102 | Lair:6   | Lost mutation: Armour fits poorly on your strangely shaped
                  | body. [potion of mutation]
 73102 | Lair:6   | Lost mutation: Scrolls take you a little longer to read.
                  | [potion of mutation]
 73102 | Lair:6   | Lost mutation: You can translocate small distances at will.
                  | [potion of mutation]
 73102 | Lair:6   | Lost mutation: You have sharp toenails. [potion of
                  | mutation]
 73102 | Lair:6   | Gained mutation: You are somewhat resistant to further
                  | mutation. [potion of mutation]
 73144 | Lair:6   | Upgraded the game from 0.23-a0-322-g02c3efa to
                  | 0.23-a0-356-g1757c6e
 73552 | Crypt:1  | Entered Level 1 of the Crypt
 73584 | Crypt:1  | Noticed Aizul
 73592 | Crypt:1  | Killed Aizul
 74886 | Crypt:2  | Reached skill level 10 in Dodging
 75129 | Crypt:3  | Entered Level 3 of the Crypt
 75313 | Crypt:3  | Found a staircase to the Tomb.
 75841 | Crypt:3  | Reached XP level 27. HP: 271/271 MP: 34/34
 76611 | Crypt:3  | Got a warped brass ring
 76614 | Crypt:3  | Identified the ring "Lud Harph" {-Tele rN+ MP+9 Int+6} (You
                  | found it on level 3 of the Crypt)
 76618 | Crypt:3  | Got a shimmering marble ring
 76619 | Crypt:3  | Identified the ring of Gust {*Corrode +Blink rF++ rN+} (You
                  | found it on level 3 of the Crypt)
 77001 | Vaults:5 | Entered Level 5 of the Vaults
 77002 | Vaults:5 | Corrupted Vaults:5
 77268 | Vaults:5 | Noticed an ancient lich
 77312 | Vaults:5 | Killed an ancient lich
 77375 | Vaults:5 | Reached skill level 15 in Dodging
 77829 | Vaults:5 | Found Goikuonn's Food Boutique.
 78292 | Vaults:5 | Identified the +11 hand crossbow "Hydrabane" {venom, +Inv
                  | MR+ Str+3 Stlth+}
 78359 | Vaults:5 | Identified the amulet of Ytyul {Acrobat rPois rF+ Stlth+}
 78403 | Vaults:5 | Identified the +5 halberd "Ruraed" {antimagic, rPois rN+
                  | Int+4}
 78419 | Vaults:5 | Identified the +1 scale mail "Jaik" {+Fly rC+ Str-5 Dex+2}
 78698 | Vaults:5 | Identified the Guide on Venomous Calling
 78701 | Vaults:5 | Got a silver rune of Zot
 78712 | Vaults:5 | Got a smoking jade ring
 78714 | Vaults:5 | Identified the ring "Dymusch" {MR+ Dex+2} (You found it on
                  | level 5 of the Vaults)
 78987 | Vaults:5 | Noticed an ancient lich
 79005 | Vaults:5 | Killed an ancient lich
 80318 | Vaults:5 | Escaped the Abyss
 80427 | Vaults:5 | Upgraded the game from 0.23-a0-356-g1757c6e to
                  | 0.23-a0-358-g98c7a59
 80677 | Depths:1 | Voluntarily entered the Abyss.
 80719 | Abyss:1  | Found a corrupted altar of Lugonu.
 80832 | Depths:1 | Escaped the Abyss
 81292 | Zot:1    | Entered Level 1 of the Realm of Zot
 81966 | Zot:1    | Found the +18 shield of the Gong {rElec rN+ MR+ EV-5}
 83100 | Zot:3    | Identified the Disquisition on Noxious Air
 84434 | Zot:4    | Found a huge runed gate.
 84434 | Zot:4    | Found a huge runed gate.
 84434 | Zot:4    | Found a huge runed gate.
 84435 | Zot:4    | Found a huge runed gate.
 84435 | Zot:4    | Found a huge runed gate.
 84436 | Zot:4    | Found a huge runed gate.
 84447 | Zot:4    | Found a huge runed gate.
 84457 | Zot:4    | Found a huge runed gate.
 84458 | Zot:4    | Found a huge runed gate.
 84762 | Zot:4    | Found a huge runed gate.
 84764 | Zot:4    | Found a huge runed gate.
 84764 | Zot:4    | Found a huge runed gate.
 84765 | Zot:4    | Found a huge runed gate.
 84765 | Zot:4    | Found a huge runed gate.
 84891 | Zot:4    | Got a twisted hat
 84892 | Zot:4    | Identified the +0 hat of Gravity {rPois MP+9 Dex+2} (You
                  | acquired it on level 4 of the Realm of Zot)
 84910 | Zot:4    | Found a huge runed gate.
 84910 | Zot:4    | Found a huge runed gate.
 84910 | Zot:4    | Found a huge runed gate.
 84910 | Zot:4    | Found a huge runed gate.
 84922 | Zot:4    | Found a huge runed gate.
 84922 | Zot:4    | Found a huge runed gate.
 84922 | Zot:4    | Found a huge runed gate.
 84922 | Zot:4    | Found a huge runed gate.
 84922 | Zot:4    | Found a huge runed gate.
 84922 | Zot:4    | Found a huge runed gate.
 84922 | Zot:4    | Found a huge runed gate.
 85241 | Zot:4    | Found a huge runed gate.
 85241 | Zot:4    | Found a huge runed gate.
 85267 | Zot:4    | Found a huge runed gate.
 85409 | Zot:4    | Noticed an orb of fire
 85410 | Zot:4    | Noticed an orb of fire
 85418 | Zot:4    | HP: 6/271 [deathcap/drain life[a curse toe] (8)]
 85419 | Zot:4    | Killed from afar by a deathcap

Vault maps used:
D:1:      dpeg_arrival_refuge
D:2:      first_ration
D:3:      grunt_temple_overflow_open, uniq_ijyb, uniq_grinder
D:4:      minmay_temple_entry_mist, ebering_ghost_sewer_d, serial_shops, shop
D:5:      cheibrodos_thug_alley, lightli_sewer_entry_pipes, lemuel_flame_loot_1
D:6:      kennysheep_mini_moat, nicolae_ossuary_entry_plus
D:7:      cheibrodos_helix_gallery, serial_shops, shop_fountains, the_bakery
D:8:      marbit_many_paths, minmay_lair_entry_grove, david_defended_altar_orc,
          uniq_erica, uniq_joseph, uniq_maurice, uniq_grum
D:9:      minitemple, gammafunk_temple_overflow_statue, grunt_dithmenos_smoke
D:11:     minmay_the_grid_plus_closed, gammafunk_ghost_nasty_kobolds,
          minivault_4, grunt_ministairs_12
D:12:     orc_0_dummy, hangedman_cracks_in_the_wall, uniq_fannar
D:14:     erik_vaults_2, basic_altar, kennysheep_small_spiral, serial_shops,
          nicolae_shop_waterfront, nicolae_shop_temple_entry_statues_fountains,
          nicolae_shop_statue_plus, shop, nicolae_shop_crystal, uniq_roxanne
D:15:     grunt_enter_depths_magical_seal, serial_shops, shop_fountains,
          tgw_sif, spider_trap, grunt_ministairs_10
Lair:1:   roderic_batcave, uniq_nergalle, uniq_sonja
Lair:2:   lemuel_fruit_tree, grunt_megastairs_5
Lair:3:   swamp_mist, gammafunk_ghost_split, lemuel_centaur_altar,
          lemuel_fruit_fields, serial_bayou_shore_b, infiniplex_staircase_pool_2
Lair:4:   minmay_snake_entry_guardpost_small
Lair:5:   chequers_serial_rivers_micro_a, grunt_forest_stairs_clearing,
          grunt_megastairs_4
Lair:6:   hangedman_lair_caniforms_friends, guppyfry_lair_end_dragon,
          nicolae_slime_entry_slimehenge, lab_entry_generic
Swamp:1:  evilmike_swamp_ruin_house_3, swamp_pool2, cheibrodos_swamp_slimy
Swamp:2:  evilmike_swamp_ruin_rubble_1, infiniplex_staircase_pool
Swamp:3:  serial_swamp_ruin, evilmike_swamp_ruin_house_1,
          hangedman_swamp_ruin_wall, evilmike_swamp_ruin_house_2
Swamp:4:  swamp, swamp_pool1, nicolae_swamp_rocky_clearing, lightli_tree_ring,
          uniq_louise
Snake:1:  gammafunk_sealed_library, serial_shops, freezing_bzr,
          grunt_ministairs_11
Snake:2:  nicolae_sea_snake_s, st_stairs_11, grunt_megastairs_2
Snake:3:  lightli_airlock, minmay_shop_grove
Snake:4:  grunt_snake_rune_pools, serial_bayou_shore_b
Slime:1:  nicolae_slime_barrier
Orc:1:    cheibrodos_orc_arena, portal_ice_cave_entry_imps,
          statue_in_the_mist_lemuel
Orc:2:    st_orc_elflike, uniq_azrael
Elf:1:    minmay_elf_arrival_plus, serial_shops, shop, gammafunk_ghost_split,
          minmay_elf_demonology, minmay_crystal_room
Elf:2:    basic_altar
Elf:3:    minmay_elf_hall, ebering_ghost_reflecting_pool, grunt_ministairs_13,
          amethyst_killhole, minmay_shoptagon
Vaults:1: gammafunk_vaults_ghost_necromancy, v_misc_27,
          nicolae_vaults_inception_scallops, grunt_vaults_funnel,
          ontoclasm_vaults_chip, vaults_room_ringed_pool,
          nicolae_vaults_asterisk, nicolae_vaults_yaktaur_gun_rack,
          nicolae_vaults_border_crossing, st_lines, vaults_room_stairs_pillars,
          nicolae_trove_entry_free_sample
Vaults:2: gammafunk_vaults_ghost_cemetery, v_misc_9,
          minmay_crypt_entry_skeletal_spiral, vaults_dpeg_hooks, v_misc_23,
          v_pattern_1, nicolae_vaults_mini_display_case,
          nicolae_vaults_little_ls, nicolae_vaults_ring_of_whatevers,
          nicolae_vaults_what_the_h, nicolae_vaults_windows_and_doors_thing,
          basic_altar
Vaults:3: gammafunk_vaults_ghost_fury_of_okawaru, hangedman_vaults_restitches,
          vaults_mumra_minichess_inversion, hangedman_vaults_trim,
          nicolae_vaults_triangles, nicolae_vaults_shelves_hall,
          nicolae_vaults_little_squares_6, serial_shops, shop,
          nicolae_shop_temple_entry_statues_fountains, shop, uniq_asterion
Vaults:4: v_misc_15, vaults_room_stairs_pillars, dpeg_vaults_monster_box,
          grunt_vaults_hallway_short, vaults_room_fancy_cross,
          hangedman_vaults_locks, v_misc_1, ontoclasm_vaults_tryst,
          ontoclasm_vaults_spin, ontoclasm_vaults_gateway, serial_shops, shop,
          uniq_frederick
Crypt:1:  nicolae_crypt_small_crypt, grunt_crypt_arrival_webbed, uniq_aizul
Crypt:2:  grunt_megastairs_3
Crypt:3:  due_elkab, tomb_entry_forgotten_bobbens, serial_glass,
          glass_columns_a, glass_columns_a, glass_columns_a, glass_columns_b,
          glass_columns_b
Depths:1: minmay_room_of_horrors, hell_entry, glass_columns_b,
          kennysheep_big_empty_room, lemuel_old_faithful, serial_bayou_shore_b
Depths:2: lemuel_river_lethe, hell_entry, pan_entry
Depths:3: hangedman_box_tower, hell_entry,
          hangedman_abyss_or_decor_jellyfish_corner, pan_entry,
          minmay_staircase_windowed_small
Depths:4: kennysheep_spiral_hall, minivault_11, hell_entry, abyss_entry,
          infiniplex_staircase_star
Depths:5: evilmike_zot_entry_round, enter_ziggurat_c, serial_shops,
          bzr_entry_water, wad_floor_pattern_1, hangedman_coc_ice_floe
Zot:2:    kennysheep_blocky_room
Zot:3:    grunt_ministairs_14, hangedman_elemental_corridor
Zot:4:    door_vault
Abyss:1:  guppyfry_abyss_exit_glass_guarded, hangedman_cross_veins
Abyss:2:  minivault_24, evilmike_abyss_exit_1, minivault_20
Abyss:3:  evilmike_abyss_rune_ettins, due_evilmike_abyss_rune_seething_liches,
          minivault_5, evilmike_abyss_rune_elephants_shrine
Abyss:4:  nicolae_abyss_rune_star_stuff, guppyfry_abyss_exit_imp_island,
          due_exit_kobolds, doesnt_abyss_rune_brain_food
Lab:      labyrinth_hidden_loot, nicolae_lab_big_swirl, nicolae_lab_plus,
          labyrinth_skeletal_remains
Bazaar:   bazaar_short_row, bazaar_long_row
Trove:    trove_misc_throne_room
Sewer:    kennysheep_door_sewer
Ossuary:  ossuary_crypta

Skill      XL: |  1  2  3  4  5  6  7  8  9 10 11 12 13 14 15 16 17 18 19 20 21 22 23 24 25 26 27 |
---------------+----------------------------------------------------------------------------------+-----
Fighting       | 4 5 6 8 10 11 13 14 16 18 20 21 23 24 25 26 | 26.8
Axes           | 3 4 5 6 7 8 10 12 14 19 20 21 22 24 | 24.9
Invocations    | 7 10 | 10.1
Armour         | 6 10 12 13 16 17 19 21 22 23 24 25 26 | 26.0
Evocations     | 4 9 11 14 15 | 15.8
Dodging        | 5 7 11 21 | 21.2

Action                   |  1- 3 |  4- 6 |  7- 9 | 10-12 | 13-15 | 16-18 | 19-21 | 22-24 | 25-27 || total
-------------------------+-------+-------+-------+-------+-------+-------+-------+-------+-------++-------
Melee: Hand axe          |   125 |   169 |   121 |   256 |   702 |       |       |       |       ||  1373
       War axe           |       |       |   384 |   611 |       |       |       |       |       ||   995
       Scimitar          |       |       |       |       |    22 |    71 |       |       |       ||    93
       Battleaxe         |       |       |       |       |   551 |  1434 |  1428 |       |       ||  3413
       Executioner's axe |       |       |       |       |       |       |   265 |  1029 |  2108 ||  3402
Invok: Depart the Abyss  |     1 |       |       |       |       |       |     4 |     1 |     2 ||     8
       Corrupt           |       |       |       |       |       |     1 |     2 |     1 |     1 ||     5
       Banish            |       |       |       |       |       |       |     1 |       |       ||     1
       Enter the Abyss   |       |       |       |       |       |       |       |     1 |     1 ||     2
 Abil: Evoke Flight      |       |       |       |       |       |     1 |       |     7 |     1 ||     9
Evoke: Phial of floods   |       |     2 |     1 |     1 |       |       |       |     2 |     1 ||     7
       Wand              |       |     2 |     8 |    23 |     4 |    12 |       |    11 |     9 ||    69
       Box of beasts     |       |       |     1 |     4 |       |       |       |       |       ||     5
       Fan of gales      |       |       |       |       |       |       |       |     2 |       ||     2
       Lightning rod     |       |       |       |       |       |       |       |     1 |       ||     1
  Use: Scroll            |     5 |     6 |    11 |     8 |     4 |    14 |    16 |    11 |    36 ||   111
       Potion            |       |     4 |       |     9 |     9 |       |     9 |    13 |    15 ||    59
 Stab: Invisible         |       |       |       |       |     4 |       |       |       |       ||     4
       Distracted        |       |       |       |       |       |       |     3 |     1 |       ||     4
       Confused          |       |       |       |       |       |       |       |     1 |     1 ||     2
  Eat: Chunk             |     2 |     8 |    11 |    26 |    24 |    20 |    23 |    10 |    21 ||   145
       Ration            |       |       |     1 |     2 |     3 |     8 |     8 |     7 |    13 ||    42
Armor: Ring mail         |    30 |    64 |    70 |   478 |    15 |       |       |       |       ||   657
       Leather armour    |     2 |       |       |       |       |       |       |       |       ||     2
       Troll leather arm |       |     6 |   121 |       |       |       |       |       |       ||   127
       Chain mail        |       |       |       |       |   330 |       |       |       |   271 ||   601
       Plate armour      |       |       |       |       |   131 |   636 |   577 |   468 |   298 ||  2110
       Scale mail        |       |       |       |       |       |     1 |       |       |       ||     1
       Gold dragon scale |       |       |       |       |       |       |       |       |   291 ||   291
Dodge: Dodged            |    70 |   119 |   232 |   512 |   979 |  1414 |  1162 |  1049 |  2122 ||  7659
       Deflected         |       |       |       |       |     7 |    67 |   108 |    53 |    93 ||   328
       Rpst.: Scimitar   |       |       |       |       |     3 |    21 |       |       |       ||    24

Table legend:
 A = Non-vault XP
 B = Vault XP
 C = Vault XP percentage of total XP
 D = Non-vault monster count
 E = Vault monster count
 F = Vault count percentage of total count
                 A         B        C        D         E       F
            +---------+---------+-------+---------+---------+-------
      Total |  833119 |  730207 |  46.7 |    1558 |    1022 |  39.6
            +---------+---------+-------+---------+---------+-------
        D:1 |      34 |       0 |   0.0 |      13 |       0 |   0.0
        D:2 |      68 |       0 |   0.0 |      23 |       0 |   0.0
        D:3 |      54 |      36 |  40.0 |      21 |       1 |   4.5
        D:4 |     202 |       0 |   0.0 |       8 |       0 |   0.0
        D:5 |     360 |     296 |  45.1 |      15 |      21 |  58.3
        D:6 |    1204 |       2 |   0.2 |      25 |       1 |   3.8
        D:7 |    1357 |    1161 |  46.1 |      38 |       9 |  19.1
        D:8 |    1653 |    3214 |  66.0 |      24 |      16 |  40.0
        D:9 |    1485 |       0 |   0.0 |      36 |       0 |   0.0
       D:10 |    2558 |       0 |   0.0 |      32 |       0 |   0.0
       D:11 |    1032 |    6752 |  86.7 |       6 |      26 |  81.2
       D:12 |    4009 |    4126 |  50.7 |      29 |      14 |  32.6
       D:13 |    4645 |       0 |   0.0 |      21 |       0 |   0.0
       D:14 |   10596 |   10055 |  48.7 |      38 |      10 |  20.8
       D:15 |    2432 |    6510 |  72.8 |       7 |      14 |  66.7
     Lair:1 |    2559 |    1302 |  33.7 |      13 |       9 |  40.9
     Lair:2 |    4080 |     342 |   7.7 |      25 |       3 |  10.7
     Lair:3 |    1621 |     449 |  21.7 |       7 |       4 |  36.4
     Lair:4 |    5696 |     626 |   9.9 |      28 |       4 |  12.5
     Lair:5 |    9295 |    3043 |  24.7 |      28 |      17 |  37.8
     Lair:6 |    8228 |   14217 |  63.3 |      25 |      76 |  75.2
    Swamp:1 |    7737 |       0 |   0.0 |      21 |       0 |   0.0
    Swamp:2 |    2961 |       0 |   0.0 |      10 |       0 |   0.0
    Swamp:3 |   20597 |    1713 |   7.7 |      30 |       2 |   6.2
    Swamp:4 |   24482 |   18177 |  42.6 |      41 |      21 |  33.9
    Snake:1 |   14258 |     638 |   4.3 |      27 |       2 |   6.9
    Snake:2 |   17954 |   12978 |  42.0 |      32 |      25 |  43.9
    Snake:3 |   16620 |    7376 |  30.7 |      32 |      11 |  25.6
    Snake:4 |   18750 |   37982 |  66.9 |      37 |      58 |  61.1
    Slime:1 |    3455 |       0 |   0.0 |       4 |       0 |   0.0
    Slime:2 |   13232 |       0 |   0.0 |      13 |       0 |   0.0
    Slime:3 |    9043 |       0 |   0.0 |      15 |       0 |   0.0
    Slime:4 |    4258 |     265 |   5.9 |       7 |       1 |  12.5
    Slime:5 |   23470 |   30725 |  56.7 |      33 |      12 |  26.7
      Orc:1 |    6356 |    3353 |  34.5 |      38 |      35 |  47.9
      Orc:2 |    1192 |    9480 |  88.8 |      25 |      26 |  51.0
      Elf:1 |   20704 |    9599 |  31.7 |      38 |      15 |  28.3
      Elf:2 |   25529 |   18441 |  41.9 |      42 |      24 |  36.4
      Elf:3 |    8497 |   32154 |  79.1 |      17 |      21 |  55.3
   Vaults:1 |   39815 |   32295 |  44.8 |      75 |      40 |  34.8
   Vaults:2 |   20489 |   17621 |  46.2 |      42 |      38 |  47.5
   Vaults:3 |   26901 |   16649 |  38.2 |      43 |      23 |  34.8
   Vaults:4 |   37357 |   22287 |  37.4 |      58 |      28 |  32.6
   Vaults:5 |   27017 |  154455 |  85.1 |      41 |      96 |  70.1
    Crypt:1 |   14698 |    1669 |  10.2 |      28 |       1 |   3.4
    Crypt:2 |   35698 |    1033 |   2.8 |      43 |       2 |   4.4
    Crypt:3 |   24721 |   43778 |  63.9 |      30 |      62 |  67.4
   Depths:1 |   16463 |    3459 |  17.4 |      19 |      15 |  44.1
   Depths:2 |     786 |   60419 |  98.7 |       3 |     115 |  97.5
   Depths:3 |   30645 |   85573 |  73.6 |      35 |      60 |  63.2
   Depths:4 |   29437 |    3726 |  11.2 |      27 |       4 |  12.9
   Depths:5 |   22547 |   17292 |  43.4 |      29 |      17 |  37.0
      Zot:1 |   49927 |       0 |   0.0 |      36 |       0 |   0.0
      Zot:2 |   36542 |   14532 |  28.5 |      15 |       7 |  31.8
      Zot:3 |   61710 |    6852 |  10.0 |      38 |       7 |  15.6
      Zot:4 |   30550 |       0 |   0.0 |      20 |       0 |   0.0
    Abyss:1 |    7397 |    5409 |  42.2 |      16 |       4 |  20.0
    Abyss:3 |   18110 |    5878 |  24.5 |      35 |       4 |  10.3
    Abyss:4 |      46 |     250 |  84.5 |       1 |       1 |  50.0
        Lab |       0 |    1597 | 100.0 |       0 |       2 | 100.0
      Sewer |       0 |     161 | 100.0 |       0 |       6 | 100.0
    Ossuary |       0 |     260 | 100.0 |       0 |      12 | 100.0
            +---------+---------+-------+---------+---------+-------
